 Dungeon Crawl Stone Soup version 0.19.3-1-g3169bf9 (webtiles) character file.

9362 Alarkh the Grappler (level 11, -7/99 HPs)
             Began as a Ghoul Monk on Jan 26, 2017.
             Was a High Priest of Okawaru.
             Mangled by a spiny frog (21 damage)
             ... on level 2 of the Lair of Beasts.
             The game lasted 00:16:37 (9032 turns).

Alarkh the Grappler (Ghoul Monk)                    Turns: 9032, Time: 00:16:38

Health: -7/99      AC:  7    Str: 16    XL:     11   Next: 45%
Magic:  9/11       EV: 21    Int:  8    God:    Okawaru [*****.]
Gold:   763        SH:  0    Dex: 11    Spells: 1 memorised, 9 levels left

rFire  . . .     SeeInvis .       - Unarmed
rCold  + + .     Gourm    .     x - +3 leather armour {rC+}
rNeg   + + +     Faith    .     (no shield)
rPois  ∞         Spirit   .     (no helmet)
rElec  .         Reflect  .     (no cloak)
rCorr  .         Harm     .     (no gloves)
MR     .....                    c - +0 pair of boots
Stlth  +++.......               (no amulet)
                                P - +3 ring of evasion
                                i - +5 ring of slaying

@: heroism, rotting
A: rotting body, claws 1, carnivore 3, cold resistance 1, negative energy
resistance 3, slow regeneration 1, torment resistance, unbreathing
a: Heroism, Finesse, Renounce Religion


You were on level 2 of the Lair of Beasts.
You worshipped Okawaru.
Okawaru was extremely pleased with you.
You were not hungry.

You visited 3 branches of the dungeon, and saw 11 of its levels.
You also visited: Sewer and Bailey.

You collected 939 gold pieces.
You spent 176 gold pieces at shops.

Inventory:

Armour
 c - a +0 pair of boots (worn)
 x - a +3 leather armour of cold resistance (worn)
Jewellery
 i - a +5 ring of slaying (left claw)
 l - an uncursed ring of protection from fire
 v - an uncursed ring of flight
 H - a +2 ring of strength
 M - an uncursed ring of protection from cold
 O - a +3 ring of protection
 P - a +3 ring of evasion (right claw)
Wands
 m - a wand of teleportation (8/9)
 K - a wand of iceblast (8/15)
Scrolls
 e - a scroll of identify
 h - 9 scrolls of remove curse
 k - 2 scrolls of fear
 n - 4 scrolls of teleportation
 r - a scroll of recharging
 t - 2 scrolls of noise
 D - a scroll of fog {unknown}
Potions
 f - 5 potions of agility
 g - a potion of haste
 o - a potion of cancellation
 u - 2 potions of curing
 A - 2 potions of flight
 I - a potion of ambrosia
Books
 j - Tiogub's Reference Book on Moulding and Calling
   (You found it on level 2 of the Lair of Beasts)

   Spells                             Type                      Level
   a - Summon Butterflies             Summoning                    1
   b - Summon Guardian Golem          Hexes/Summoning              3
   c - Ice Form                       Ice/Transmutation            4
   d - Irradiate                      Conjuration/Transmutation    5
   e - Malign Gateway                 Summoning/Translocation      7
 p - a book of Callings

   Spells                             Type                      Level
   a - Summon Small Mammal            Summoning                    1
   b - Call Imp                       Summoning                    2
   c - Call Canine Familiar           Summoning                    3
   d - Summon Guardian Golem          Hexes/Summoning              3
   e - Summon Lightning Spire         Summoning/Air                4
   f - Summon Ice Beast               Ice/Summoning                4
Miscellaneous
 a - a phantom mirror
Comestibles
 b - 3 meat rations
 d - 7 chunks of flesh
 s - 2 slices of pizza
 z - 5 beef jerkies
 E - 2 royal jellies


   Skills:
 + Level 9.7(14.7) Fighting
 + Level 8.6(13.6) Dodging
 - Level 2.1(7.1) Stealth
 * Level 13.6(18.6) Unarmed Combat
 + Level 1.0 Spellcasting
 + Level 1.4 Charms


You had 9 spell levels left.
You knew the following spells:

 Your Spells              Type           Power        Failure   Level  Hunger
a - Regeneration          Chrm/Necr      #.........   95%         3    ####...


Dungeon Overview and Level Annotations

Branches:
Dungeon (8/15)             Temple (1/1) D:5            Lair (2/6) D:8
  Swamp: Lair:2-4    Shoals: Lair:2-4     Snake: Lair:2-4    Spider: Lair:2-4

Altars:
Ashenzari
Cheibriados
Dithmenos
Fedhas
Gozag
Hepliaklqana
Kikubaaqudgha
Makhleb
Okawaru
Qazlal
Ru
Sif Muna
Trog
Uskayaw
Vehumet
Xom
Yredelemnul
Zin

Shops:
D:7 [

Annotations:
D:6 Eustachio


Innate Abilities, Weirdness & Mutations

Your body is rotting away.
You thrive on raw meat.
You are immune to poison.
You have sharp fingernails.
You are carnivorous and can eat meat at any time.
Your flesh is cold resistant. (rC+)
You are immune to negative energy. (rN+++)
You regenerate slowly when monsters are visible.
You are immune to unholy pain and torment.
You can survive without breathing.


Message History

The spiny frog is severely wounded.
The spiny frog closely misses you.
A spriggan comes into view. It is wielding a short sword.
You barely miss the spiny frog.
The spiny frog is severely wounded.
The spiny frog stings you!
As you read the scroll of fear, it crumbles to dust.
You assume a fearsome visage.
The spriggan looks frightened!
The spiny frog resists with some effort.
The water moccasin looks frightened!
The spiny frog stings you.
The sentinel's mark upon you fades away.
The spiny frog closely misses you.
A hippogriff comes into view.
A spriggan comes into view. It is wielding a short sword.
The spiny frog barely misses you.
You gain the combat prowess of a mighty hero.
The spiny frog stings you!
* * * LOW HITPOINT WARNING * * *
The spiny frog stings you!!
You die...

#.......................
##..P#.#.#.##.....##.##P.
#.....#######[....#######
##...###### #.....###.###
#....#[.[(###......##..##
##...#..=<:....i...S...##
###..##../?!.#...H..#...##
#....####+P.##.....##P####
###..####@####.....#### #
#....##F####.....P######
#......i..i.....>.......
##.......................
#.............)%.........
##..###.###...%..........
#...#.####..............
##.......#.......P#..#.##
#...#.....#.[...P.....##.


You could see a spiny frog and a spriggan.

Vanquished Creatures
  Fannar (Lair:1)
  A hydra (Lair:1)
  Erica (Lair:2)
  A black mamba (Lair:2)
  A spiny frog (Lair:1)
  A komodo dragon (Lair:1)
  A slime creature (D:8)
  Grinder (D:6)
  A hippogriff (Lair:1)
  Sigmund (D:5)
  A basilisk (Lair:2)
  A steam dragon (D:8)
  A water moccasin (Lair:1)
  8 porcupines
  8 orc warriors
  A necrophage (D:5)
  2 black bears
  3 wolves (Lair:2)
  A centaur (D:8)
  8 crocodiles
  An ogre (D:4)
  A big kobold (D:6)
  6 bullfrogs
  A scorpion (D:6)
  4 wights (D:7)
  6 howler monkeys
  4 crimson imps
  2 bullfrog zombies
  A quasit (D:8)
  9 jellies
  A hound (D:5)
  A centaur skeleton (D:6)
  2 orc priests (D:8)
  11 iguanas
  6 worker ants
  Natasha (thrice) (D:4)
  2 orc wizards
  A worker ant zombie (D:8)
  4 adders
  16 gnolls
  A shadow imp (D:8)
  18 oozes
  An adder skeleton (D:6)
  8 worms
  A dart slug (D:1)
  5 leopard geckos
  15 orcs
  11 giant cockroaches
  11 goblins
  7 hobgoblins
  19 jackals
  24 kobolds
  6 quokkas
  3 ball pythons
  16 bats
  6 frilled lizards
  A giant cockroach zombie (D:5)
  4 rats
  A plant (D:6)
284 creatures vanquished.

Vanquished Creatures (others)
  13 fungi (D:8)
  5 plants (D:8)
18 creatures vanquished.

Grand Total: 302 creatures vanquished

Notes
Turn   | Place    | Note
-------+----------+-------------------------------------------
     0 | D:1      | Alarkh the Ghoul Monk began the quest for the Orb.
     0 | D:1      | Reached XP level 1. HP: 19/19 MP: 0/0
   192 | D:1      | Reached XP level 2. HP: 23/26 MP: 1/1
   259 | D:1      | Reached skill level 4 in Unarmed Combat
   684 | D:2      | Reached XP level 3. HP: 30/31 MP: 2/2
   990 | D:2      | Reached skill level 5 in Unarmed Combat
  1166 | D:3      | Reached XP level 4. HP: 38/38 MP: 3/3
  1202 | D:3      | Found a stormy altar of Qazlal.
  1442 | D:3      | Reached XP level 5. HP: 33/45 MP: 4/4
  1889 | D:4      | Found a glowing drain.
  1897 | D:4      | Found an opulent altar of Gozag.
  2011 | Sewer    | Entered a sewer
  2613 | D:4      | Noticed Natasha
  2621 | D:4      | Killed Natasha
  2621 | D:4      | Reached skill level 6 in Unarmed Combat
  2621 | D:4      | Reached XP level 6. HP: 35/51 MP: 5/5
  2844 | D:4      | Noticed Natasha
  2853 | D:4      | Killed Natasha
  3021 | D:4      | Noticed Natasha
  3024 | D:4      | Killed Natasha
  3044 | D:5      | Entered Level 5 of the Dungeon
  3058 | D:5      | Found a staircase to the Ecumenical Temple.
  3078 | Temple   | Entered the Ecumenical Temple
  3222 | D:5      | Found a shattered altar of Ashenzari.
  3236 | D:5      | Reached XP level 7. HP: 60/60 MP: 6/6
  3259 | D:5      | Noticed Sigmund
  3282 | D:5      | Killed Sigmund
  3282 | D:5      | Reached skill level 7 in Unarmed Combat
  3342 | D:5      | Reached skill level 5 in Fighting
  3528 | D:5      | Reached XP level 8. HP: 68/68 MP: 7/7
  3805 | D:5      | Reached skill level 8 in Unarmed Combat
  3977 | D:6      | Reached skill level 5 in Dodging
  3991 | D:6      | Noticed Eustachio
  4081 | D:7      | Found Kehemn's Antique Armour Shoppe.
  4089 | D:7      | Bought a runed leather armour for 176 gold pieces
  4503 | D:7      | Found an iron altar of Okawaru.
  4525 | D:7      | Became a worshipper of Warmaster Okawaru
  4525 | D:7      | Reached * piety under Okawaru
  4525 | D:7      | Reached ** piety under Okawaru
  5059 | D:6      | Found a sacrificial altar of Ru.
  5234 | D:6      | Noticed Grinder
  5236 | D:6      | Paralysed by Grinder for 3 turns
  5246 | D:6      | Killed Grinder
  5246 | D:6      | Reached skill level 9 in Unarmed Combat
  5643 | D:6      | Found a sacrificial altar of Ru.
  5722 | D:7      | Found Kehemn's Antique Armour Shoppe.
  5827 | D:7      | Found an iron altar of Okawaru.
  6189 | D:7      | Reached XP level 9. HP: 57/76 MP: 8/8
  6433 | D:7      | Reached *** piety under Okawaru
  6577 | D:8      | Found a shadowy altar of Dithmenos.
  6586 | D:8      | Reached skill level 10 in Unarmed Combat
  6638 | D:8      | Found a staircase to the Lair.
  6778 | D:8      | Reached skill level 11 in Unarmed Combat
  6833 | D:8      | Reached **** piety under Okawaru
  7019 | D:8      | Reached XP level 10. HP: 79/88 MP: 9/9
  7183 | D:8      | Found a flagged portal.
  7190 | Bailey   | Entered a bailey
  7303 | Bailey   | Reached skill level 12 in Unarmed Combat
  8048 | Lair:1   | Entered Level 1 of the Lair of Beasts
  8081 | Lair:1   | Reached ***** piety under Okawaru
  8089 | Lair:1   | Noticed Fannar
  8111 | Lair:1   | Killed Fannar
  8111 | Lair:1   | Received a gift from Okawaru
  8115 | Lair:1   | Got a shimmering dire flail {god gift}
  8116 | Lair:1   | Identified the +0 dire flail "Ysuluc" {venom, SInv} (Okawaru gifted it to you on level 1 of the Lair of Beasts)
  8338 | Lair:1   | Reached XP level 11. HP: 97/97 MP: 10/10
  8571 | Lair:1   | Reached skill level 13 in Unarmed Combat
  8610 | Lair:1   | Noticed a four-headed hydra
  8618 | Lair:1   | Killed a four-headed hydra
  8798 | Lair:2   | Learned a level 3 spell: Regeneration
  8863 | Lair:2   | Identified Tiogub's Reference Book on Moulding and Calling
  8873 | Lair:2   | Noticed Erica
  8883 | Lair:2   | Killed Erica
  8883 | Lair:2   | Reached skill level 1 in Charms
  9005 | Lair:2   | Received a gift from Okawaru
  9005 | Lair:2   | Reached skill level 1 in Spellcasting
  9032 | Lair:2   | Mangled by a spiny frog

Skill      XL: |  1  2  3  4  5  6  7  8  9 10 11 |
---------------+----------------------------------+-----
Unarmed Combat | 4 5 6 7 9 11 12 13 | 13.6
Dodging        | 3 4 5 6 8 |  8.6
Fighting       | 4 5 6 7 9 |  9.7
Charms         | 1 |  1.4
Spellcasting   | 1 |  1.0
Stealth        | |  2.1

Action                   |  1- 3 |  4- 6 |  7- 9 | 10-12 || total
-------------------------+-------+-------+-------+-------++-------
Melee: Unarmed           |    83 |   181 |   277 |   250 ||   791
       Punch             |       |     3 |    11 |    11 ||    25
Invok: Heroism           |       |       |     3 |     7 ||    10
  Use: Scroll            |     2 |     4 |    10 |     2 ||    18
       Potion            |       |     3 |     5 |     1 ||     9
 Stab: Sleeping          |     6 |     6 |     3 |     1 ||    16
  Eat: Chunk             |     5 |    18 |    15 |    16 ||    54
Armor: Robe              |    24 |    48 |     5 |       ||    77
       Leather armour    |       |       |    25 |    47 ||    72
Dodge: Dodged            |    58 |   159 |   194 |   298 ||   709
